 Dungeon Crawl Stone Soup version 0.32-a0-450-g080537f31e (webtiles) character file.

Game seed: 5340781313337970353

366 retardedninja the Shield-Bearer (level 6, -1/55 HPs)
             Began as a Mountain Dwarf Fighter on Feb 23, 2024.
             Slain by Blork the orc
             ... wielding a +0 halberd
              (5 damage)
             ... on level 4 of the Dungeon.
             The game lasted 00:04:22 (2392 turns).

retardedninja the Shield-Bearer (MDFi)              Turns: 2392, Time: 00:04:23

Health: -1/55      AC: 10    Str: 19 (20) XL:     6   Next: 40%
Magic:  6/6        EV:  6    Int:  7 (9)  God:
Gold:   111        SH: 16    Dex: 12 (15) Spells: 5/5 levels left

rFire   . . .        a - +0 war axe
rCold   . . .        m - +2 kite shield
rNeg    . . .        h - +0 chain mail
rPois   .            (no helmet)
rElec   .            l - +0 cloak
rCorr   .            (no gloves)
SInv    .            (no boots)
Will    .....        d - amulet of reflection Stlth
                     i - +6 ring of dexterity
HPRegen 0.29/turn    (no ring)
MPRegen 0.10/turn

%: reflection
@: no status effects
A: runic magic, artefact enchanting
a: no special abilities


You were on level 4 of the Dungeon.
You visited 1 branch of the dungeon, and saw 4 of its levels.

You collected 111 gold pieces.

Inventory:

Hand Weapons
 a - a +0 war axe (weapon)
Armour
 c - a +0 buckler
 f - a +0 pair of boots
 h - a +0 chain mail (worn)
 l - a +0 cloak (worn)
 m - a +2 kite shield (worn)
Jewellery
 d - an amulet of reflection (around neck)
 i - a +6 ring of dexterity (left hand)
Scrolls
 e - 2 scrolls of teleportation {unknown}
 g - a scroll of vulnerability {unknown}
 j - a scroll of noise {unknown}
 k - a scroll of enchant weapon {unknown}
 p - 2 scrolls of identify {unknown}
 q - a scroll of immolation {unknown}


   Skills:
 + Level 4.9 Fighting
 + Level 4.5 Axes
 + Level 4.8 Armour
 + Level 4.9 Shields


You had 5 spell levels left.
You didn't know any spells.
Your spell library was empty.

Dungeon Overview and Level Annotations

Branches:
Dungeon (4/15)
 Temple: D:4-7

Altars:

Annotations:
D:4 Blork the orc


Innate Abilities, Weirdness & Mutations

Your spellcasting is much less encumbered by armour.
You can use scrolls of enchantment on lesser artefacts.


Message History

There was something very wrong with that liquid.
You feel weakened.
You feel dopey.
You feel clumsy. You block Blork the orc's attack.
The gnoll completely misses you.
It was a potion of cancellation.
You feel magically purged.
Blork the orc hits you from afar with a +0 halberd.
You block the gnoll's attack. You block Blork the orc's attack.
You hit the gnoll but do no damage.
The gnoll is moderately wounded.
You block Blork the orc's attack. The gnoll hits you with a +0 club!
Blork the orc hits you from afar with a +0 halberd!
You slash the gnoll!
You kill the gnoll!
Blork the orc looks braver for a moment.
Blork the orc hits you from afar with a +0 halberd.
The gnoll hits you with a +0 flail.
* * * LOW HITPOINT WARNING * * *
You barely miss the gnoll. You block Blork the orc's attack.
The gnoll closely misses you. You block Blork the orc's attack.
You hit the gnoll.
The gnoll is moderately wounded.
Blork the orc barely misses you. The gnoll hits you with a +0 flail.
* * * LOW HITPOINT WARNING * * *
You block Blork the orc's attack. You block the gnoll's attack.
You slash the gnoll!
You kill the gnoll!
Blork the orc hits you from afar with a +0 halberd!
* * * LOW HITPOINT WARNING * * *
Blork the orc completely misses you. The hound bites you.
* * * LOW HITPOINT WARNING * * *
Blork the orc attacks as he pursues you!
You block Blork the orc's attack. You block the hound's attack.
You block Blork the orc's attack. The hound closely misses you.
Blork the orc is no longer moving quickly.
Blork the orc attacks as he pursues you!
You block Blork the orc's attack. You block the hound's attack.
The hound bites you but does no damage.
There is a stone staircase leading up here.
You block the hound's attack.
Blork the orc hits you from afar with a +0 halberd.
You die...

........##....#
.....>..##....#
..............#
........##....#######
........[)....#.....#
#########)##....#...#
#.###.....###
##..o..#..##
#.@h####.o.#
#..#......#.#
#...###..####.#
....## ...... #)#
#### #####....# ###.#
#.. ... ...


You could see Blork the orc and a hound.

Vanquished Creatures
  Sigmund (D:2)
  A hound (D:4)
  8 gnolls
  3 adders (D:2)
  2 dart slugs
  2 orcs
  7 ball pythons
  3 bats (D:2)
  3 endoplasms
  4 giant cockroaches
  8 goblins
  5 hobgoblins
  8 jackals
  4 kobolds (D:1)
  3 quokkas
  A frilled lizard (D:3)
  3 rats
66 creatures vanquished.

Notes
Turn   | Place    | Note
-------+----------+-------------------------------------------
     0 | D:1      | retardedninja the Mountain Dwarf Fighter began the quest
                  | for the Orb.
     0 | D:1      | Reached XP level 1. HP: 19/19 MP: 1/1
   259 | D:1      | Reached XP level 2. HP: 23/23 MP: 2/2
   620 | D:2      | You fall into a shaft and drop 1 floor!
   776 | D:2      | Reached XP level 3. HP: 33/33 MP: 3/3
  1022 | D:2      | Noticed Sigmund
  1032 | D:2      | Killed Sigmund
  1033 | D:2      | Reached XP level 4. HP: 41/41 MP: 4/4
  1033 | D:2      | Reached XP level 5. HP: 47/47 MP: 5/5
  1700 | D:3      | Found a faded altar of an unknown god.
  1857 | D:3      | Reached XP level 6. HP: 20/53 MP: 6/6
  1863 | D:3      | HP: 1/53 [gnoll/+0 halberd (12)]
  2363 | D:4      | Noticed Blork the orc
  2382 | D:4      | HP: 1/55 [hound (3)]
  2392 | D:4      | Slain by Blork the orc

Illustrated notes

Levels and vault maps discovered:
D:1:      psy_arrival_statuary, layout_basic
D:2:      minmay_angry_zag, layout_loops_corners, uniq_sigmund
D:3:      layout_basic, shapermc_ecumenical_altar_totnotflames
D:4:      layout_rooms, uniq_blork_the_orc

Skill      XL: |  1  2  3 |
---------------+----------+-----
Axes           | 3 4 |  4.5
Fighting       | 4 |  4.9
Armour         | 4 |  4.8
Shields        | 4 |  4.9

Action                     |  1- 3 |  4- 6 || total
---------------------------+-------+-------++-------
  Melee: War axe           |    93 |    94 ||   187
    Use: Potion            |       |     4 ||     4
 Armour: Scale mail        |    37 |       ||    37
         Chain mail        |    26 |    76 ||   102
  Dodge: Dodged            |    37 |    38 ||    75
  Block: Buckler           |    24 |     2 ||    26
         Kite shield       |       |   105 ||   105

Table legend: (Time is in decaauts)
 A = Elapsed time spent in this place.
 B = Non-inter-level travel time spent in this place.
 C = Inter-level travel time spent in this place.
 D = Time resting spent in this place.
 E = Time spent auto-exploring this place.
 F = Levels seen in this place.
 G = Mean time per level.
                   A        B        C        D        E       F      G
               +--------+--------+--------+--------+--------+-----+--------+
         Total |   2463 |   2406 |     57 |      2 |   1799 |   4 |  615.8 |
       Dungeon |   2463 |   2406 |     57 |      2 |   1799 |   4 |  615.8 |
               +--------+--------+--------+--------+--------+-----+--------+

Top non-repeatable levels by time:
     D:2: 989 daAuts
     D:3: 769 daAuts
     D:1: 594 daAuts
     D:4: 110 daAuts
